 Dungeon Crawl Stone Soup version 0.26-a0-652-gafc20e3620 (webtiles) character file.

Game seed: 4562218840525249437

315949 Peloso the Hoplite (level 20, -17/188 HPs)
             Began as a Minotaur Fighter on Oct 2, 2020.
             Was the Champion of Okawaru.
             Engulfed by a cloud of freezing vapour (29 damage)
             ... on level 2 of the Vaults on Oct 3, 2020.
             The game lasted 02:56:03 (55056 turns).

Peloso the Hoplite (Minotaur Fighter)              Turns: 55056, Time: 02:56:04

Health: -17/188    AC: 24    Str: 30      XL:     20   Next: 52%
Magic:  22/22      EV: 16    Int:  3 (5)  God:    Okawaru [******]
Gold:   5129       SH: 30    Dex: 17      Spells: 19/19 levels left

rFire    + + .     SeeInvis +   a - +5 double sword (holy)
rCold    . . .     Faith    .   c - +5 kite shield "Visch" {*Drain rElec Dex+4}
rNeg     . . .     Spirit   .   N - +3 chain mail {MR+}
rPois    +         Reflect  +   r - +2 hat {SInv}
rElec    +         Harm     .   y - +1 cloak {rCorr}
rCorr    +         Rampage  .   C - +1 pair of gloves {Str+3}
MR       ++...                  (no boots)
Stlth    ..........             f - amulet of reflection
HPRegen  0.41/turn              g - ring of poison resistance
MPRegen  0.18/turn              E - ring of the Past {+Fly rF++ SInv}

@: very slow
A: retaliatory headbutt, horns 2
}: 2/15 runes: barnacled, gossamer
a: Heroism, Finesse, Renounce Religion, Evoke Flight


You were on level 2 of the Vaults.
You worshipped Okawaru.
Okawaru was exalted by your worship.
You visited 8 branches of the dungeon, and saw 37 of its levels.
You also visited: Ossuary, Bailey, Gauntlet, Ice Cave and Wizlab.

You collected 6140 gold pieces.
You spent 1011 gold pieces at shops.

Inventory:

Hand Weapons
 a - a +5 double sword of holy wrath (weapon)
 b - the +8 demon blade "Amisuton" {pain, rElec rN+ Str+4}
   (Okawaru gifted it to you on level 3 of the Spider Nest)

   In the hands of one skilled in necromantic magic, it inflicts extra damage on
   living creatures.
   It affects your strength (+4).
   It insulates you from electricity.
   It protects you from negative energy.
 h - the +7 pair of quick blades "Gyre" and "Gimble" {protect}
   (You found it on level 1 of the Vaults)

   It grants its wielder temporary protection when it strikes (+7 to AC).
 z - the +5 flail of the Quests {flame, Int+2}
   (You found it on level 1 of the Spider Nest)

   It has been specially enchanted to burn those struck by it, causing extra
   injury to most foes and up to half again as much damage against particularly
   susceptible opponents.
   It affects your intelligence (+2).
Armour
 c - the +5 kite shield "Visch" (worn) {*Drain rElec Dex+4}
   (Okawaru gifted it to you in an ice cave)

   It affects your dexterity (+4).
   It insulates you from electricity.
   It causes draining when unequipped.
 n - the +5 chain mail of Xuoskuesm {Regen+}
   (Okawaru gifted it to you on level 4 of the Shoals)

   It increases your rate of regeneration.
 o - a +1 cloak
 r - a +2 hat of see invisible (worn)
 y - a +1 cloak of preservation (worn)
 A - a +2 tower shield of reflection
 C - a +1 pair of gloves of strength (worn)
 L - +0 ice dragon scales
 N - a +3 chain mail of magic resistance (worn)
Jewellery
 f - an amulet of reflection (around neck)
 g - a ring of poison resistance (left hand)
 j - an uncursed ring of protection from fire
 E - the ring of the Past (right hand) {+Fly rF++ SInv}
   (You found it in a wizard's laboratory)

   [ring of flight]

   It greatly protects you from fire.
   It lets you see invisible.
   It lets you fly.
 F - a +6 ring of intelligence {unknown}
Wands
 p - a wand of enslavement (10)
 s - a wand of digging (4)
 u - a wand of flame (15)
 B - a wand of iceblast (11)
 K - a wand of acid (4)
 O - a wand of paralysis (4)
Scrolls
 e - 10 scrolls of teleportation
 k - 10 scrolls of identify
 q - a scroll of enchant weapon
 t - 21 scrolls of remove curse
 v - a scroll of blinking
 w - 2 scrolls of acquirement
 G - 4 scrolls of noise
 H - a scroll of amnesia
 J - 6 scrolls of immolation
 V - 6 scrolls of fear
Potions
 i - 8 potions of stabbing
 l - 2 potions of cancellation
 m - 13 potions of curing
 x - 5 potions of berserk rage
 D - 8 potions of haste
 I - 7 potions of might
 M - a potion of heal wounds
 S - 4 potions of mutation
 U - a potion of resistance
Miscellaneous
 d - a condenser vane (2/2)


   Skills:
 + Level 18.2 Fighting
 + Level 18.9 Long Blades
   Level 1.5(4.0) Axes
 + Level 0.1(0.9) Maces & Flails
   Level 5.9(6.0) Polearms
 + Level 15.4 Armour
 + Level 9.9 Dodging
 + Level 3.4 Stealth
 + Level 26.3 Shields
 + Level 4.2 Invocations
 + Level 2.0 Evocations


You had 19 spell levels left.
You didn't know any spells.
Your spell library contained the following spells:

 Spells                   Type           Power        Failure   Level
 Beastly Appendage        Tmut           #.....       89%         1
 Corona                   Hex            #......      89%         1
 Foxfire                  Conj/Fire      #...         89%         1
 Freeze                   Ice            #...         89%         1
 Magic Dart               Conj           #...         89%         1
 Sandblast                Erth           #.....       89%         1
 Shock                    Conj/Air       #...         89%         1
 Blink                    Tloc           N/A          96%         2
 Call Imp                 Summ           #.......     96%         2
 Corpse Rot               Necr/Air       N/A          96%         2
 Poisonous Vapours        Pois/Air       #.....       96%         2
 Slow                     Hex            #.......     96%         2
 Sublimation of Blood     Necr           #.........   96%         2
 Swiftness                Air            #.......     96%         2
 Wereblood                Tmut           #.......     96%         2
 Conjure Flame            Conj/Fire      #.......     99%         3
 Frozen Ramparts          Ice            #.....       99%         3
 Ignite Poison            Fire/Tmut/Pois #.......     99%         3
 Inner Flame              Hex/Fire       #.......     99%         3
 Mephitic Cloud           Conj/Pois/Air  #.......     99%         3
 Ozocubu's Armour         Ice            #.......     99%         3
 Portal Projectile        Hex/Tloc       #.....       99%         3
 Spider Form              Tmut/Pois      #.........   99%         3
 Static Discharge         Conj/Air       #.......     99%         3
 Vampiric Draining        Necr           #.........   99%         3
 Airstrike                Air            #.........   100%        4
 Cause Fear               Hex            #.........   100%        4
 Dispel Undead            Necr           #.......     100%        4
 Fulminant Prism          Conj/Hex       #.........   100%        4
 Hailstorm                Conj/Ice       #.......     100%        4
 Ice Form                 Ice/Tmut       #.......     100%        4
 Leda's Liquefaction      Hex/Erth       #.........   100%        4
 Petrify                  Tmut/Erth      #.......     100%        4
 Sticky Flame             Conj/Fire      #.......     100%        4
 Summon Ice Beast         Ice/Summ       #.......     100%        4
 Summon Lightning Spire   Summ/Air       #.......     100%        4
 Agony                    Necr           #.......     100%        5
 Alistair's Intoxication  Tmut/Pois      #........    100%        5
 Blade Hands              Tmut           #.........   100%        5
 Borgnjor's Vile Clutch   Necr/Erth      #.........   100%        5
 Excruciating Wounds      Necr           #.........   100%        5
 Fireball                 Conj/Fire      #.........   100%        5
 Irradiate                Conj/Tmut      #.........   100%        5
 Lightning Bolt           Conj/Air       #.........   100%        5
 Metabolic Englaciation   Hex/Ice        #.........   100%        5
 Silence                  Hex/Air        #.........   100%        5
 Yara's Violent Unravell  Hex/Tmut       #.........   100%        5
 Conjure Ball Lightning   Conj/Air       #.........   100%        6
 Eringya's Noxious Bog    Tmut/Pois      #.........   100%        6
 Freezing Cloud           Conj/Ice/Air   #.........   100%        6
 Invisibility             Hex            #.......     100%        6
 Iron Shot                Conj/Erth      #.........   100%        6
 Ozocubu's Refrigeration  Ice            #.........   100%        6
 Simulacrum               Ice/Necr       #.........   100%        6
 Tornado                  Air            #.........   100%        9


Dungeon Overview and Level Annotations

Branches:
Dungeon (15/15)            Temple (1/1) D:6            Lair (6/6) D:10
 Shoals (4/4) Lair:4       Spider (4/4) Lair:2        Slime (0/5) Lair:5
    Orc (2/2) D:9             Elf (3/3) Orc:2        Vaults (2/5) D:14
  Crypt (0/3) Vaults:2     Depths (0/5) D:15        Ossuary (visited)
 Bailey (visited)           IceCv (visited)          WizLab (visited)
Gauntlet (visited)

Altars:
Ashenzari
Cheibriados
Dithmenos
Elyvilon
Fedhas
Gozag
Hepliaklqana
Kikubaaqudgha
Makhleb
Nemelex Xobeh
Okawaru
Qazlal
Ru
Sif Muna
Trog
Uskayaw
Vehumet
Wu Jian
Xom
Yredelemnul
Zin
The Shining One
Beogh
Jiyva
Lugonu

Shops:
D:10 [   Orc:2 }}(*:   Elf:1 :}(=   Elf:2 *:   Elf:3 =}=   Vaults:1 }

Portals:
Abyss: Lair:4
Bazaar: Vaults:2
Trove: D:12 (give +4 storm dragon scales)

Annotations:
Elf:2 3 runed translucent doors


Innate Abilities, Weirdness & Mutations

You reflexively headbutt those who attack you in melee.
You have a pair of horns on your head.


Message History

Things that are here:
a +2 vorpal battleaxe; a +0 chain mail You feel better.
You feel better.
You open the door.
Found a scroll of remove curse.
Found a stone staircase leading up.
There is an open door here.
Found a flickering gateway to a bazaar.
t - 21 scrolls of remove curse (gained 1) Really walk into a travel-excluded area?
You are engulfed in freezing vapours.
* * * LOW HITPOINT WARNING * * *
You are engulfed in freezing vapours.
You enter the shallow water.
Moving in this stuff is going to be slow.
You are engulfed in freezing vapours.
* * * LOW HITPOINT WARNING * * *
You are engulfed in freezing vapours.
You die...

,,,,,,,,,* #........#
,,,,,,,,,* #........#
,,,,,,,,,* #........#
,,,,,,,,,* #...°°...#
******* ,,,,,,,,,*
##..°.°...#**,,,,,*
**+*******
#°.....<..#*,,,,,,*
,*,,,*
##°°°☼.....#,,,,,,,*
,*,*,*
##°○°.☼.....#,,,,,,,*
,*,,,*
#°°°@≈○°....+,,,,,,,*
,***+*
##○○°°.°....#*,,,,,,*
,,,,,*
##○°.......#**,,,,,*
,*,*,* ###########
******* ,,,,,* ,*****
,+,,,* ,*,*,* ,*,,,*


There were no monsters in sight!

Vanquished Creatures
  Mara (Spider:3)
  Nikola (Spider:1)
  Arachne (Spider:1)
  The ghost of Ecu Hasm the Commander, an adept GnSk of Okawaru (Vaults:1)
  A Cloud Mage (WizLab)
  Jorgrun (Spider:1)
  Rupert (Lair:5)
  Polyphemus (Shoals:4)
  A titan (Vaults:1)
  Asterion (Spider:1)
  A tentacled starspawn (Lair:4)
  The ghost of Gaepesai the Covert, an adept HuAr of Trog (Elf:1)
  A kraken (Shoals:1)
  Agnes (Spider:3)
  Donald (Orc:2)
  3 frost giants
  Roxanne (Shoals:4)
  3 ghost moths (Spider:4)
  5 vault wardens
  Aizul (Shoals:4)
  7 emperor scorpions
  Louise (D:14)
  2 orc warlords (Vaults:1)
  A stone giant (Vaults:1)
  A war gargoyle (Vaults:2)
  3 ironheart preservers (Vaults:1)
  The ghost of Necrophagist the Protected, a journeyman MiFi of Makhleb (Lair:4)
  6 entropy weavers
  A very ugly thing (D:11)
  2 minotaurs
  A spark wasp (Spider:3)
  A dire elephant (D:15)
  An ettin (Orc:1)
  4 merfolk javelineers
  Snorg (Lair:6)
  2 blizzard demons (WizLab)
  Josephine (Lair:5)
  6 merfolk impalers
  3 yaktaur captains
  3 fire dragons
  2 vault guards (Vaults:1)
  The ghost of dracos369 the Thrower, a novice OgHu of Ashenzari (D:8)
  2 naga warriors (Vaults:1)
  2 catoblepae
  3 ghost crabs (WizLab)
  8 hydras
  2 spriggan air magi (WizLab)
  A centaur warrior (Vaults:1)
  2 death knights
  2 ice dragons (Vaults:1)
  An alligator snapping turtle (Shoals:4)
  5 merfolk aquamancers
  5 merfolk avatars
  5 ogre magi
  4 satyrs
  13 dancing weapons
  A satyr (shapeshifter) (Lair:4)
  A deep troll shaman (Lair:6)
  25 two-headed ogres
  9 death yaks
  The ghost of Flugkiller the Ruffian, a novice OgTm of Uskayaw (D:11)
  2 shock serpents (WizLab)
  9 deep elf knights
  A fire crab (Gauntlet)
  3 death drakes (WizLab)
  An unseen horror (Vaults:1)
  12 sea snakes
  A flayed ghost (Vaults:1)
  A glowing orange brain (D:11)
  2 orange crystal statues
  A phantasmal warrior (Vaults:1)
  A wizard (Gauntlet)
  7 deep elf archers
  2 ironbrand convokers (Vaults:1)
  The ghost of YoungGLord the Thaumaturge, a novice GrEE of Vehumet (D:9)
  A lindwurm (Lair:6)
  Pikel (D:3)
  20 harpies
  24 orb spiders
  19 ugly things
  2 oklob plants
  52 wolf spiders
  4 orc knights
  28 deep elf magi
  10 cyclopes
  17 manticores
  18 fauns
  Maurice (D:8)
  11 merfolk sirens
  10 elephants (Lair:6)
  4 moths of wrath
  3 vault sentinels (Vaults:1)
  Joseph (D:8)
  6 black mambas
  An apocalypse crab (WizLab)
  Psyche (D:11)
  5 cane toads
  12 water nymphs
  6 gargoyles
  An ice statue (IceCv)
  A torpor snail (Lair:4)
  13 yaktaurs
  4 komodo dragons
  2 yaktaurs (shapeshifter)
  An ancient zyme (Lair:4)
  3 kobold demonologists
  A freezing wraith (Vaults:1)
  10 demonic crawlers
  34 merfolk
  6 trolls
  2 tengu conjurers (D:15)
  12 polar bears
  6 meliai
  A polar bear (shapeshifter) (D:15)
  9 wind drakes
  39 jumping spiders
  7 blink frogs
  7 hornets
  7 snapping turtles
  A raiju (Lair:4)
  12 slime creatures
  13 hippogriffs
  5 dream sheep
  87 redbacks
  A spriggan (Lair:4)
  3 wraiths (Lair:5)
  A ynoxinul (Lair:4)
  16 air elementals
  33 tarantellas
  4 wyverns
  A shadow (D:12)
  3 vampires
  6 water elementals
  75 yaks
  5 fire bats (Gauntlet)
  2 fire elementals (Elf:2)
  Eustachio (D:4)
  A steam dragon (Lair:4)
  4 vampire mosquitoes
  5 basilisks
  A neqoxec (D:11)
  Menkaure (D:6)
  A chaos spawn (Lair:4)
  3 wargs
  11 water moccasins
  3 hell hounds (Gauntlet)
  An acid dragon (D:12)
  Duvessa (D:6)
  A hornet zombie (D:14)
  13 porcupines
  3 sky beasts
  34 orc warriors
  2 black bears
  6 ice beasts
  29 ogres
  A phantom (D:5)
  8 centaurs
  5 necrophages
  42 wolves
  9 crocodiles
  A big kobold (D:12)
  An earth elemental (Elf:2)
  8 bullfrogs
  A gnoll sergeant (Orc:2)
  Dowan (D:6)
  A wyvern zombie (D:12)
  A wyvern skeleton (D:14)
  36 scorpions
  2 water moccasin skeletons
  9 killer bees
  20 wights
  2 howler monkeys (D:6)
  8 electric eels
  3 jellies
  3 centaur zombies
  A bullfrog zombie (D:7)
  2 quasits
  3 bullfrog skeletons
  11 orc priests
  2 hounds (D:4)
  4 centaur skeletons
  2 iguanas
  22 orc wizards
  16 worker ants
  5 hell rats (Lair:6)
  2 hound zombies
  8 mummies (Ossuary)
  11 adders
  14 gnolls
  A howler monkey skeleton (D:5)
  5 shadow imps
  17 white imps
  2 oozes (D:4)
  2 adder skeletons
  2 worms
  2 worms (shapeshifter) (D:11)
  2 dart slugs
  A leopard gecko (D:1)
  110 orcs
  4 bats
  3 giant cockroaches
  A gnoll zombie (Ossuary)
  18 goblins
  15 hobgoblins
  8 jackals
  6 kobolds
  7 quokkas
  A ball python (D:2)
  7 frilled lizards
  5 hobgoblin zombies (Ossuary)
  A kobold zombie (Ossuary)
  A leopard gecko skeleton (D:4)
  A leopard gecko zombie (D:5)
  An orc zombie (Ossuary)
  A quokka skeleton (D:5)
  9 rats
  4 tentacles (Shoals:1)
1529 creatures vanquished.

Vanquished Creatures (others)
  A deep elf annihilator (Vaults:1)
  A blizzard demon (WizLab)
  A shock serpent (WizLab)
  A deep elf knight (Elf:3)
  A death drake (WizLab)
  A wizard (Gauntlet)
  2 deep elf magi
  A wolf spider (Spider:4)
  A manticore (Shoals:3)
  An apocalypse crab (WizLab)
  A jumping spider (Spider:4)
  6 redbacks
  A tarantella (Spider:2)
  3 yaks (IceCv)
  An orc wizard (D:7)
  A bush (Lair:4)
  15 fungi
  75 plants
  3 starspawn tentacles (Lair:4)
  7 tentacles (Shoals:1)
124 creatures vanquished.

Grand Total: 1653 creatures vanquished

Notes
Turn   | Place    | Note
-------+----------+-------------------------------------------
     0 | D:1      | Peloso the Minotaur Fighter began the quest for the Orb.
     0 | D:1      | Reached XP level 1. HP: 19/19 MP: 0/0
   291 | D:1      | Reached XP level 2. HP: 18/27 MP: 1/1
   631 | D:1      | Reached skill level 4 in Shields
  1192 | D:2      | Reached XP level 3. HP: 33/33 MP: 2/2
  1364 | D:2      | Found an opulent altar of Gozag.
  1750 | D:2      | Found a broken altar of Ashenzari.
  1760 | D:2      | Found a stormy altar of Qazlal.
  1996 | D:2      | Found a sacrificial altar of Ru.
  2433 | D:3      | Reached XP level 4. HP: 31/41 MP: 3/3
  2821 | D:4      | Noticed Pikel
  2821 | D:4      | Noticed a lemure
  2821 | D:4      | Noticed a lemure
  2821 | D:4      | Noticed a lemure
  2821 | D:4      | Noticed a lemure
  2835 | D:3      | Killed Pikel
  2835 | D:3      | Reached skill level 5 in Fighting
  2835 | D:3      | Reached skill level 5 in Long Blades
  2835 | D:3      | Reached skill level 5 in Armour
  2835 | D:3      | Reached skill level 5 in Shields
  2835 | D:3      | Reached XP level 5. HP: 3/48 MP: 4/4
  2835 | D:3      | Reached XP level 6. HP: 4/56 MP: 5/5
  3126 | D:4      | Reached XP level 7. HP: 46/61 MP: 6/6
  3632 | D:4      | Reached skill level 6 in Shields
  3755 | D:4      | Noticed Eustachio
  3796 | D:4      | Killed Eustachio
  3852 | D:4      | Reached XP level 8. HP: 50/69 MP: 7/7
  4203 | D:5      | Entered Level 5 of the Dungeon
  4408 | D:5      | Found a bloodstained altar of Trog.
  4676 | D:5      | Reached skill level 7 in Shields
  5083 | D:6      | Noticed a hippogriff
  5093 | D:6      | Killed a hippogriff
  5202 | D:6      | Found a shadowy altar of Dithmenos.
  5420 | D:6      | Noticed Duvessa
  5420 | D:6      | Noticed Dowan
  5437 | D:6      | Killed Duvessa
  5437 | D:6      | Reached skill level 8 in Shields
  5443 | D:6      | Killed Dowan
  5497 | D:6      | Found a sand-covered staircase.
  5504 | Ossuary  | Entered an ossuary
  5610 | Ossuary  | Reached XP level 9. HP: 75/75 MP: 8/8
  6004 | D:6      | Found a staircase to the Ecumenical Temple.
  6005 | D:6      | Noticed Menkaure
  6015 | D:6      | Killed Menkaure
  6023 | Temple   | Entered the Ecumenical Temple
  6192 | D:7      | Reached skill level 9 in Shields
  6359 | D:7      | Found a flagged portal.
  6442 | Bailey   | Entered a bailey
  6599 | Bailey   | Reached skill level 10 in Shields
  6703 | Bailey   | Found an iron altar of Okawaru.
  6703 | Bailey   | Noticed a kobold demonologist
  6703 | Bailey   | Noticed a kobold demonologist
  6714 | Bailey   | Noticed a hellwing
  6718 | Bailey   | Noticed an orange demon
  6719 | Bailey   | Noticed a sun demon
  6720 | Bailey   | Noticed a sun demon
  6720 | Bailey   | Killed a kobold demonologist
  6720 | Bailey   | Reached skill level 1 in Stealth
  6724 | Bailey   | Killed a kobold demonologist
  6974 | Bailey   | Became a worshipper of Warmaster Okawaru
  7224 | Bailey   | Noticed an orc knight
  7244 | Bailey   | Killed an orc knight
  7244 | Bailey   | Reached XP level 10. HP: 67/84 MP: 9/9
  7266 | Bailey   | Reached * piety under Okawaru
  7718 | Bailey   | Reached skill level 11 in Shields
  7763 | Bailey   | Got a fine trident
  7764 | Bailey   | Identified the cursed +1 trident of Subterfuge {vorpal,
                  | rC+++ rN+ MR- Dex+4} (You found it in a bailey)
  7805 | Bailey   | Got a transparent ring mail
  7816 | Bailey   | Identified the +1 ring mail of Gozag's Vengeance {Regen+
                  | Int+6} (You found it in a bailey)
  8081 | D:7      | Found a glowing golden altar of the Shining One.
  8507 | D:7      | Reached skill level 10 in Long Blades
  8741 | D:7      | Noticed a gargoyle
  8743 | D:7      | Killed a gargoyle
  8743 | D:7      | Reached ** piety under Okawaru
  8748 | D:7      | Noticed a gargoyle
  8758 | D:7      | Killed a gargoyle
  8764 | D:7      | Noticed a gargoyle
  8771 | D:7      | Killed a gargoyle
  8784 | D:7      | Noticed a gargoyle
  8784 | D:7      | Killed a gargoyle
  8791 | D:7      | Noticed a gargoyle
  8799 | D:7      | Killed a gargoyle
  8799 | D:7      | Reached *** piety under Okawaru
  8799 | D:7      | Reached skill level 12 in Shields
  9045 | D:8      | Noticed a two-headed ogre
  9053 | D:8      | Killed a two-headed ogre
  9063 | D:8      | Reached XP level 11. HP: 79/95 MP: 10/10
  9130 | D:8      | Noticed Joseph
  9144 | D:8      | Killed Joseph
  9203 | D:8      | Noticed Maurice
  9239 | D:8      | Killed Maurice
  9323 | D:8      | Reached skill level 1 in Evocations
  9441 | D:8      | Reached **** piety under Okawaru
  9443 | D:8      | Found an ancient bone altar of Kikubaaqudgha.
  9458 | D:8      | Found a sparkling altar of Nemelex Xobeh.
  9460 | D:8      | Found a blossoming altar of Fedhas.
  9460 | D:8      | Found a shadowy altar of Dithmenos.
  9460 | D:8      | Found an iron altar of Okawaru.
  9461 | D:8      | Found a white marble altar of Elyvilon.
  9461 | D:8      | Found a snail-covered altar of Cheibriados.
  9489 | D:8      | Found a runed translucent gate.
  9490 | D:8      | Found a runed translucent gate.
  9491 | D:8      | Found a runed translucent gate.
  9493 | D:8      | Noticed dracos369's ghost (novice OgHu)
  9957 | D:9      | Found a staircase to the Orcish Mines.
  9978 | D:9      | Reached skill level 13 in Shields
 10098 | D:9      | Noticed YoungGLord's ghost (novice GrEE)
 10100 | D:9      | Found a runed translucent door.
 10352 | D:9      | Found a glowing silver altar of Zin.
 10392 | D:9      | Found a burning altar of Makhleb.
 10392 | D:9      | Noticed a cacodemon
 10569 | D:10     | Entered Level 10 of the Dungeon
 10615 | D:10     | Reached ***** piety under Okawaru
 11067 | D:10     | Got an encrusted broad axe
 11068 | D:10     | Identified the cursed +0 broad axe of Atriy {freeze, Str+8
                  | Int+2} (You found it on level 10 of the Dungeon)
 11103 | D:10     | Noticed a two-headed ogre
 11112 | D:10     | Killed a two-headed ogre
 11187 | D:10     | Found Caoderuj's Armour Shop.
 11202 | D:10     | Found a staircase to the Lair.
 11418 | D:10     | Reached skill level 14 in Shields
 12049 | D:11     | Noticed Psyche
 12055 | D:11     | Killed Psyche
 12241 | D:11     | Found a runed translucent gate.
 12241 | D:11     | Found a runed translucent gate.
 12241 | D:11     | Found a runed translucent gate.
 12241 | D:11     | Noticed a red ugly thing
 12241 | D:11     | Noticed a red ugly thing
 12241 | D:11     | Noticed a green very ugly thing
 12242 | D:11     | Noticed a green ugly thing
 12242 | D:11     | Noticed a cyan ugly thing
 12242 | D:11     | Noticed a red ugly thing
 12242 | D:11     | Noticed a glowing orange brain
 12363 | D:11     | Found a roughly hewn altar of Beogh.
 12383 | D:11     | Received a gift from Okawaru
 12395 | D:11     | Reached XP level 12. HP: 91/105 MP: 11/11
 12475 | D:11     | Got an encrusted chain mail {god gift}
 12486 | D:11     | Identified the +2 chain mail of Kuhups Xiacu {*Slow rCorr
                  | Dex+2} (Okawaru gifted it to you on level 11 of the
                  | Dungeon)
 12565 | D:11     | Got a bloodstained ring mail
 12576 | D:11     | Identified the cursed +1 ring mail of Summer {-Tele rN+
                  | Str+3} (You found it on level 11 of the Dungeon)
 12845 | Lair:1   | Entered Level 1 of the Lair of Beasts
 13033 | Lair:1   | Reached skill level 15 in Shields
 13104 | Lair:1   | Found a frozen archway.
 13148 | IceCv    | Entered an ice cave
 13626 | IceCv    | Reached skill level 1 in Polearms
 13947 | IceCv    | Reached skill level 16 in Shields
 13996 | IceCv    | Reached skill level 5 in Dodging
 14004 | IceCv    | Reached skill level 10 in Armour
 14075 | IceCv    | Noticed a death yak
 14129 | IceCv    | Killed a death yak
 14184 | IceCv    | Reached skill level 1 in Invocations
 14356 | IceCv    | Noticed a death yak
 14356 | IceCv    | Noticed a frost giant
 14356 | IceCv    | Noticed a death yak
 14376 | IceCv    | Killed a death yak
 14376 | IceCv    | Reached skill level 10 in Fighting
 14384 | IceCv    | Killed a death yak
 14384 | IceCv    | Received a gift from Okawaru
 14394 | IceCv    | Killed a frost giant
 14394 | IceCv    | Reached skill level 5 in Polearms
 14480 | IceCv    | Reached XP level 13. HP: 95/113 MP: 12/12
 14490 | IceCv    | Got a heavily runed kite shield {god gift}
 14496 | IceCv    | Identified the +5 kite shield "Visch" {*Drain rElec Dex+4}
                  | (Okawaru gifted it to you in an ice cave)
 16035 | Lair:2   | Found a hole to the Spider Nest.
 16054 | Lair:2   | Found a blossoming altar of Fedhas.
 16190 | Lair:2   | Reached ****** piety under Okawaru
 16870 | Lair:3   | Acquired 1352 gold pieces
 16901 | Lair:3   | Reached skill level 17 in Shields
 16922 | Lair:3   | Found a basalt altar of Yredelemnul.
 17629 | Lair:4   | Noticed a tentacled starspawn
 17639 | Lair:4   | Noticed Necrophagist's ghost (journeyman MiFi)
 17713 | Lair:4   | Found a transporter.
 17714 | Lair:4   | Found a transporter.
 17718 | Lair:4   | Found a one-way gate to the infinite horrors of the Abyss.
 18411 | Lair:4   | Found a staircase to the Shoals.
 18721 | Orc:1    | Entered Level 1 of the Orcish Mines
 18946 | Orc:2    | Entered Level 2 of the Orcish Mines
 18948 | Orc:2    | Found Ziqiff's Book Boutique.
 19182 | Orc:2    | Received a gift from Okawaru
 19223 | Orc:2    | Reached XP level 14. HP: 110/124 MP: 13/13
 19254 | Orc:2    | Paralysed by an ogre mage for 3 turns
 19269 | Orc:2    | Paralysed by an ogre mage for 2 turns
 19278 | Orc:2    | Reached skill level 18 in Shields
 19312 | Orc:2    | Found Istask's Gadget Boutique.
 19313 | Orc:2    | Found Asaaf's General Store.
 19313 | Orc:2    | Found Fezutulo's Weapon Boutique.
 19313 | Orc:2    | Found Vearofel's Gadget Shoppe.
 19337 | Orc:2    | Bought a wand of digging (5) for 252 gold pieces
 19340 | Orc:2    | Found a staircase to the Elven Halls.
 19360 | Orc:2    | Noticed Donald
 19522 | Orc:2    | Killed Donald
 20976 | D:12     | Identified Cigotuvi's Reference Book on Unholy Arts and
                  | Transmigration
 21088 | D:12     | Found a portal to a secret trove of treasure.
 21311 | D:13     | Received a gift from Okawaru
 21428 | D:13     | Reached skill level 19 in Shields
 21674 | D:13     | Found a gate leading to a gauntlet.
 21679 | Gauntlet | Entered a Gauntlet
 21679 | Gauntlet | Found a transporter.
 21679 | Gauntlet | Found a transporter.
 21680 | Gauntlet | Found a transporter.
 21694 | Gauntlet | Found a transporter.
 21720 | Gauntlet | Found a transporter.
 21725 | Gauntlet | Found a transporter.
 21742 | Gauntlet | Found a transporter.
 21755 | Gauntlet | Found a transporter.
 21763 | Gauntlet | Found a transporter.
 21787 | Gauntlet | Found a transporter.
 21814 | Gauntlet | Found a transporter.
 21827 | Gauntlet | Found a transporter.
 22044 | Gauntlet | Got a distressingly furry hat
 22055 | Gauntlet | Identified the +0 hat of the Wasteland {rN++} (You found it
                  | in a Gauntlet)
 22068 | Gauntlet | Identified the Almanac of Ashen Bewitchment
 22207 | Gauntlet | Identified the Grimoire of Stones and Hexes
 22372 | D:13     | You fall into a shaft and drop 2 floors!
 22372 | D:15     | Entered Level 15 of the Dungeon
 23036 | D:14     | Reached XP level 15. HP: 133/133 MP: 15/15
 23053 | D:14     | Received a gift from Okawaru
 23219 | D:14     | Found a gate to the Vaults.
 23461 | D:14     | Reached skill level 1 in Axes
 23646 | D:14     | Noticed Louise
 23671 | D:14     | Killed Louise
 23960 | D:8      | Killed dracos369's ghost
 24076 | D:9      | Killed YoungGLord's ghost
 24183 | D:11     | Reached skill level 15 in Long Blades
 24230 | D:11     | Found a runed translucent gate.
 24230 | D:11     | Found a runed translucent gate.
 24232 | D:11     | Noticed Flugkiller's ghost (novice OgTm)
 24236 | D:11     | Found a runed translucent gate.
 24428 | Lair:4   | Killed a tentacled starspawn
 24428 | Lair:4   | Reached skill level 20 in Shields
 24478 | Lair:4   | Killed Necrophagist's ghost
 25227 | Lair:5   | Noticed Josephine
 25250 | Lair:5   | Killed Josephine
 25655 | Lair:5   | Found a staircase to the Slime Pits.
 25663 | Lair:5   | Found a viscous altar of Jiyva.
 25899 | Lair:5   | Noticed Rupert
 25917 | Lair:5   | Killed Rupert
 26096 | Lair:6   | Entered Level 6 of the Lair of Beasts
 26191 | Lair:6   | Noticed Snorg
 26203 | Lair:6   | Killed Snorg
 27097 | Lair:6   | Found the brooch of Shielding {Spirit SH+8}
 28432 | D:14     | Received a gift from Okawaru
 28432 | D:14     | Reached XP level 16. HP: 90/144 MP: 14/16
 29410 | D:15     | Found a staircase to the Depths.
 29437 | D:15     | Reached skill level 21 in Shields
 29648 | D:15     | Lost intelligence.
 29987 | Orc:2    | Bought a +1 pair of gloves of strength for 247 gold pieces
 30110 | Spider:1 | Entered Level 1 of the Spider Nest
 30428 | Spider:1 | Got a translucent flail
 30581 | Spider:1 | Noticed Asterion
 30596 | Spider:1 | Killed Asterion
 30596 | Spider:1 | Received a gift from Okawaru
 31312 | Spider:1 | Identified the +5 flail of the Quests {flame, Int+2} (You
                  | found it on level 1 of the Spider Nest)
 31333 | Spider:1 | Lost intelligence.
 32305 | Spider:2 | Noticed Arachne
 32305 | Spider:2 | Noticed Nikola
 32325 | Spider:1 | Killed Arachne
 32446 | Spider:2 | Noticed Jorgrun
 32542 | Spider:1 | Killed Jorgrun
 33132 | Spider:1 | Killed Nikola
 34529 | Spider:2 | Received a gift from Okawaru
 35049 | Shoals:1 | Entered Level 1 of the Shoals
 35209 | Shoals:1 | Reached skill level 22 in Shields
 35320 | Shoals:1 | Reached XP level 17. HP: 83/154 MP: 17/17
 35824 | Shoals:1 | Noticed a kraken
 35842 | Shoals:1 | Killed a kraken
 37033 | Shoals:2 | Got an iridescent flail
 37034 | Shoals:2 | Identified the +8 flail "Tormentor" {elec, *Drain rN+
                  | Int+2} (You found it on level 2 of the Shoals)
 38007 | Shoals:3 | Reached skill level 15 in Fighting
 38181 | Shoals:3 | Reached skill level 23 in Shields
 38343 | Shoals:3 | Received a gift from Okawaru
 39324 | Spider:3 | Noticed Agnes
 39334 | Spider:3 | Killed Agnes
 39819 | Spider:2 | Received a gift from Okawaru
 40228 | Spider:3 | Noticed Mara
 40254 | Spider:3 | Killed Mara
 40254 | Spider:3 | Reached XP level 18. HP: 132/163 MP: 12/18
 41136 | Spider:3 | Received a gift from Okawaru
 41416 | Spider:3 | Identified the +8 demon blade "Amisuton" {pain, rElec rN+
                  | Str+4} (Okawaru gifted it to you on level 3 of the Spider
                  | Nest)
 42416 | Elf:1    | Entered Level 1 of the Elven Halls
 42474 | Elf:1    | Found a runed translucent gate.
 42475 | Elf:1    | Found a runed translucent gate.
 42479 | Elf:1    | Found a runed translucent gate.
 42480 | Elf:1    | Noticed Gaepesai's ghost (adept HuAr)
 42498 | Elf:1    | Found Juului's Jewellery Boutique.
 42526 | Elf:1    | Found a magical portal.
 42535 | WizLab   | Entered The Chambers of the Cloud Mage
 42570 | WizLab   | Reached skill level 24 in Shields
 43680 | WizLab   | Noticed Ybedo
 44199 | WizLab   | Killed Ybedo the Cloud Mage
 44218 | WizLab   | Got a sparkling tin ring
 44220 | WizLab   | Identified the ring of the Past {+Fly rF++ SInv} (You found
                  | it in a wizard's laboratory)
 44225 | WizLab   | Identified the Collected Works on the Birds
 44368 | Elf:1    | Identified the ring "Cagu" {rN+ Dex+6}
 44405 | Elf:1    | Found Bageff's Antique Weapon Boutique.
 44406 | Elf:1    | Found Tunewnep's Gadget Boutique.
 44418 | Elf:1    | Bought a wand of digging (4) for 272 gold pieces
 44424 | Elf:1    | Bought a crude falchion for 240 gold pieces
 44426 | Elf:1    | Identified the +3 falchion "Zeizooclu" {venom, rElec Str+2}
                  | (You bought it in a shop on level 1 of the Elven Halls)
 44436 | Elf:1    | Found Bofrutytt's Book Shoppe.
 44518 | Elf:1    | Received a gift from Okawaru
 45005 | Elf:1    | Killed Gaepesai's ghost
 45101 | Elf:3    | Entered Level 3 of the Elven Halls
 45116 | Elf:3    | Found Cugruch's Jewellery Shoppe.
 45117 | Elf:3    | Found Cegrabeb's Gadget Boutique.
 45119 | Elf:3    | Found Leopn's Jewellery Shoppe.
 45337 | Elf:2    | Found Gonasonusk's General Store.
 45443 | Elf:2    | Found a runed translucent gate.
 45443 | Elf:2    | Found a runed translucent gate.
 45495 | Elf:2    | Found Laqug's Book Emporium.
 45638 | Elf:2    | Found a runed translucent gate.
 46756 | Shoals:4 | Entered Level 4 of the Shoals
 46777 | Shoals:4 | Noticed Polyphemus
 47114 | Shoals:4 | Killed Polyphemus
 47114 | Shoals:4 | Reached XP level 19. HP: 156/173 MP: 20/20
 47198 | Shoals:4 | Received a gift from Okawaru
 47235 | Shoals:4 | Got a bloodstained chain mail {god gift}
 47246 | Shoals:4 | Identified the +5 chain mail of Xuoskuesm {Regen+} (Okawaru
                  | gifted it to you on level 4 of the Shoals)
 47483 | Shoals:4 | Found the +11 plutonium sword {*Contam Stlth-}
 47634 | Shoals:4 | Identified Roxanne's Catalogue of Moulding
 47634 | Shoals:4 | Noticed Roxanne
 47883 | Shoals:4 | Noticed Aizul
 47925 | Shoals:4 | Killed Aizul
 48143 | Shoals:4 | Killed Roxanne
 48478 | Shoals:4 | Reached skill level 25 in Shields
 48496 | Shoals:4 | HP: 8/177 [merfolk javelineer/silver javelin (4)]
 48885 | Shoals:4 | Got a barnacled rune of Zot
 49097 | Spider:4 | Entered Level 4 of the Spider Nest
 49675 | Spider:4 | Received a gift from Okawaru
 49676 | Spider:4 | Found the +3 sling "Punk" {acid, rCorr}
 50084 | Spider:4 | Identified the +5 scale mail of Pride {rElec Str-3 Dex+3
                  | Stlth+} (You found it on level 4 of the Spider Nest)
 50469 | Spider:4 | Got a gossamer rune of Zot
 51084 | D:11     | Killed Flugkiller's ghost
 51645 | Vaults:1 | Entered Level 1 of the Vaults
 51948 | Vaults:1 | Received a gift from Okawaru
 51998 | Vaults:1 | Reached skill level 15 in Armour
 52007 | Vaults:1 | Found Xeemona's Gadget Boutique.
 52341 | Vaults:1 | Reached XP level 20. HP: 185/185 MP: 22/22
 52951 | Vaults:1 | Reached skill level 26 in Shields
 53547 | Vaults:1 | Found a runed translucent gate.
 53547 | Vaults:1 | Found a runed translucent gate.
 53547 | Vaults:1 | Found a runed translucent gate.
 53548 | Vaults:1 | Noticed Ecu Hasm's ghost (adept GnSk)
 53550 | Vaults:1 | Found the +7 pair of quick blades "Gyre" and "Gimble"
                  | {protect}
 53550 | Vaults:1 | Found an iron altar of Okawaru.
 53948 | Vaults:1 | Killed Ecu Hasm's ghost
 54302 | Vaults:1 | Received a gift from Okawaru
 54305 | Vaults:1 | Identified the +6 scale mail of Watchfulness {Str+3}
                  | (Okawaru gifted it to you on level 1 of the Vaults)
 55048 | Vaults:2 | Found a flickering gateway to a bazaar.
 55056 | Vaults:2 | Engulfed by a cloud of freezing vapour

Illustrated notes

Levels and vault maps discovered:
D:1:      dpeg_arrival_simpleton_a, layout_loops_corners,
          minmay_misc_feat_more_columns, chequers_serial_rivers_small_b
D:2:      layout_loops_corners, grunt_gozag_statues, lemuel_doored_altar,
          minitemple
D:3:      layout_loops_ring, item_on_display_a
D:4:      layout_cave_pools, minmay_misc_feat_five, minmay_misc_feat_ornament,
          uniq_pikel, uniq_eustachio
D:5:      layout_basic, kennysheep_mini
D:6:      lemuel_ice_spiral_2, layout_basic, minmay_temple_entry_overgrown,
          basic_altar, enter_ossuary_3, uniq_menkaure, uniq_duvessa
D:7:      cheibrodos_statue_roulette, layout_loops_ring, kennysheep_mini_moat,
          enter_bailey_2, lightli_minifort
D:8:      layout_basic, grunt_temple_overflow_open, ebering_ghost_rock_garden,
          uniq_maurice, uniq_joseph
D:9:      layout_irregular_city, lemuel_coloured_pillars_altar, erik_orc_4,
          hellmonk_ghost_happy_afterlife, makhleb_altar_promises_db
D:10:     layout_basic, lair_entry_dummy, special_room [special_room_orc],
          serial_shops, nicolae_shop_statue_plus, hangedman_fish_farm
D:11:     layout_roguey [special_room_orc],
          ploomutoo_gammafunk_ghost_potion_laboratory, grunt_decor_one_mirror,
          uniq_psyche
D:12:     wander_river, layout_gridville, nicolae_trove_entry_crystal
D:13:     layout_loops_ring, gauntlet_entry_generic, statue_in_the_mist_lemuel,
          st_stairs_3
D:14:     layout_cave_pods, david_vaults_2, minmay_misc_feat_hallway,
          grunt_ministairs_14, uniq_louise
D:15:     hangedman_depths_entry_try_elsewhere_first, layout_cave_pools,
          minmay_misc_feat_tiny, hangedman_glass_teeth, minmay_statue_bubble
Temple:   corrupted_temple
Lair:1:   layout_chaotic_city, serial_rivers, chequers_serial_rivers_micro_a,
          chequers_serial_rivers_micro_d, chequers_serial_rivers_micro_d,
          chequers_serial_rivers_small_b, chequers_serial_rivers_small_a,
          chequers_serial_rivers_small_3, portal_ice_cave_entry_imps
Lair:2:   layout_chaotic_city, spider_nest_entry_rubble, tgw_fedhas,
          infiniplex_staircase_pool, lemuel_fruit_tree, lemuel_fruit_fields
Lair:3:   layout_chaotic_city, nicolae_quartered_pool_little,
          chequers_serial_rivers_room_b, lemuel_oklob_altar
Lair:4:   layout_roguey, elwin_shoals_entry_rocks,
          gammafunk_ghost_abyssal_escape, roderic_carrion_pond
Lair:5:   layout_regular_city, slime_altar_1, uniq_rupert, uniq_josephine
Lair:6:   grunt_lair_end_beastmaster, layout_gridlike,
          chequers_serial_rivers_room_b, uniq_snorg
Shoals:1: layout_shoals
Shoals:2: layout_shoals, nicolae_shoals_arrival_archipelago
Shoals:3: layout_shoals
Shoals:4: shoals_end_simple, layout_shoals, nicolae_shoals_circle_sea_wall,
          uniq_aizul, uniq_polyphemus, uniq_roxanne
Spider:1: layout_spider_delve, nicolae_spider_shape, uniq_asterion
Spider:2: layout_chambers, drop_trap, uniq_arachne, uniq_nikola, uniq_jorgrun
Spider:3: spiders_nest_a, guppyfry_spider_mini_1, nicolae_spider_cling_halls,
          uniq_mara, uniq_agnes
Spider:4: spider_rune_water
Orc:1:    layout_caves
Orc:2:    st_orc_ogre_mass, layout_caves, serial_shops, shop, uniq_donald
Elf:1:    minmay_elf_arrival_circle, layout_rooms, gammafunk_ghost_split,
          mu_enter_wizlab_4, serial_shops, shop, nicolae_shop_waterfront, shop,
          shop_fountains, dk_noncrumbling_3
Elf:2:    layout_onion_city, serial_shops, shop, shop
Elf:3:    grunt_elf_hall_asides, layout_gridlike, minmay_shop_grove
Vaults:1: gammafunk_vaults_ghost_fury_of_okawaru, ontoclasm_vaults_gateway,
          ontoclasm_vaults_claustrophobia, ontoclasm_vaults_ring_large,
          hangedman_vaults_trim, nicolae_vaults_statue_guard, v_rooms_4,
          ontoclasm_vaults_ring_small, grunt_vaults_funnel, vaults_dpeg_cross,
          nicolae_vaults_alarming, grunt_vaults_hallway_short, v_misc_33,
          grunt_vaults_hallway_long, layout_vaults_maze, serial_shops,
          nicolae_shop_behind_doors
Vaults:2: vaults_room_fours, vaults_room_mumra_shop_pool, v_alt_pattern_3,
          hangedman_vaults_locks, nicolae_vaults_little_squares_4,
          nicolae_vaults_ring_of_whatevers, v_alt_pattern_2, v_misc_23,
          vaults_room_semicircle, minmay_crypt_entry_simple_statues,
          vaults_dpeg_diagonal, layout_vaults_omnibox, serial_shops,
          freezing_bzr

Skill      XL: |  1  2  3  4  5  6  7  8  9 10 11 12 13 14 15 16 17 18 19 20 |
---------------+-------------------------------------------------------------+-----
Armour         | 4 5 6 7 8 9 10 11 12 13 14 15 | 15.4
Shields        | 4 5 6 8 10 12 14 16 17 19 20 22 23 24 25 26 | 26.3
Fighting       | 4 5 6 8 9 10 11 12 13 14 15 16 17 18 | 18.2
Long Blades    | 5 6 8 9 10 11 12 13 14 15 16 17 18 | 18.9
Dodging        | 2 3 4 5 6 7 8 9 |  9.9
Stealth        | 2 3 |  3.4
Evocations     | 1 2 |  2.0
Polearms       | 5 |  5.9
Invocations    | 1 2 3 4 |  4.2
Axes           | 1 |  1.5
Maces & Flails | |  0.1

Action                   |  1- 3 |  4- 6 |  7- 9 | 10-12 | 13-15 | 16-18 | 19-21 || total
-------------------------+-------+-------+-------+-------+-------+-------+-------++-------
Melee: Long sword        |   151 |    26 |   372 |  1012 |  1854 |       |       ||  3415
       Headbutt          |    20 |       |    88 |   302 |   645 |   533 |   370 ||  1958
       Trident           |       |       |       |   282 |     8 |       |       ||   290
       Hand axe          |       |       |       |       |    15 |       |       ||    15
       Demon trident     |       |       |       |       |    40 |     7 |       ||    47
       Double sword      |       |       |       |       |       |  1482 |  1030 ||  2512
       Flail             |       |       |       |       |       |     7 |       ||     7
       Demon blade       |       |       |       |       |       |   205 |       ||   205
Invok: Heroism           |       |       |       |     6 |    23 |    19 |    17 ||    65
       Finesse           |       |       |       |       |     1 |     3 |     3 ||     7
Evoke: Wand              |       |       |     1 |    11 |    12 |       |     8 ||    32
  Use: Potion            |     3 |     1 |     2 |     3 |     4 |     6 |    11 ||    30
       Scroll            |     5 |       |    12 |     8 |     8 |    21 |     5 ||    59
 Stab: Invisible         |       |       |     7 |       |       |       |       ||     7
       Paralysed         |       |       |       |     1 |       |       |       ||     1
       Petrified         |       |       |       |       |    11 |       |       ||    11
       Petrifying        |       |       |       |       |     3 |       |       ||     3
       Confused          |       |       |       |       |       |     1 |       ||     1
       Distracted        |       |       |       |       |       |       |     1 ||     1
Armor: Scale mail        |    43 |    11 |    22 |       |       |       |       ||    76
       Chain mail        |       |       |    64 |   151 |   448 |   605 |   210 ||  1478
       Plate armour      |       |       |       |   183 |       |       |       ||   183
Dodge: Dodged            |    21 |     4 |    66 |   167 |   449 |   679 |   379 ||  1765
Block: Kite shield       |    16 |       |       |       |  2026 |  2611 |  1370 ||  6023
       Tower shield      |   110 |    23 |   483 |  1640 |       |       |       ||  2256
       Reflection        |       |       |     7 |    56 |    32 |   105 |    73 ||   273
       Rpst.: Long sword |     7 |       |    27 |    28 |    81 |       |       ||   143
       Double sword      |       |       |       |       |       |    94 |    69 ||   163
       Demon blade       |       |       |       |       |       |    15 |       ||    15

Table legend: (Time is in decaauts)
 A = Elapsed time spent in this place.
 B = Non-inter-level travel time spent in this place.
 C = Inter-level travel time spent in this place.
 D = Time resting spent in this place.
 E = Time spent auto-exploring this place.
 F = Levels seen in this place.
 G = Mean time per level.
                   A        B        C        D        E       F      G
               +--------+--------+--------+--------+--------+-----+--------+
         Total |  55168 |  52125 |   3043 |  10565 |  24885 |  42 | 1313.5 |
       Dungeon |  16668 |  15585 |   1083 |   1058 |   9530 |  15 | 1111.2 |
        Temple |     41 |     41 |      0 |      0 |     19 |   1 |   41.0 |
          Lair |   9519 |   8665 |    854 |   1496 |   4219 |   6 | 1586.5 |
        Shoals |   6221 |   6021 |    200 |   1357 |   2457 |   4 | 1555.2 |
   Spider Nest |   9466 |   8851 |    615 |   2997 |   3852 |   4 | 2366.5 |
  Orcish Mines |   1855 |   1666 |    189 |    257 |    730 |   2 |  927.5 |
   Elven Halls |   2172 |   2091 |     81 |      0 |   1354 |   3 |  724.0 |
        Vaults |   3297 |   3278 |     19 |    933 |   1628 |   2 | 1648.5 |
       Ossuary |    234 |    234 |      0 |     14 |     97 |   1 |  234.0 |
        Bailey |   1585 |   1585 |      0 |    769 |    133 |   1 | 1585.0 |
      Ice Cave |   1805 |   1805 |      0 |    571 |    474 |   1 | 1805.0 |
        Wizlab |   1738 |   1738 |      0 |   1013 |    289 |   1 | 1738.0 |
      Gauntlet |    561 |    561 |      0 |    100 |     99 |   1 |  561.0 |
               +--------+--------+--------+--------+--------+-----+--------+

Top non-repeatable levels by time:
Spider:1: 3686 daAuts
Vaults:1: 3206 daAuts
Spider:2: 2393 daAuts
Shoals:3: 2128 daAuts
  Lair:4: 2039 daAuts
  Lair:1: 2011 daAuts
Spider:3: 1958 daAuts
  Lair:6: 1900 daAuts
    D:11: 1840 daAuts
   IceCv: 1805 daAuts
  WizLab: 1738 daAuts
Shoals:4: 1694 daAuts
  Bailey: 1585 daAuts
    D:14: 1497 daAuts
  Lair:2: 1461 daAuts
